 Dungeon Crawl Stone Soup version 0.19-a0-1457-g32fba05 (webtiles) character file.

885 Amnesiac the Carver (level 8, -9/56 HPs)
             Began as a Human Gladiator on Sept 7, 2016.
             Mangled by a gnoll
             ... wielding a +0 halberd
              (18 damage)
             ... on level 5 of the Dungeon.
             The game lasted 00:06:14 (3920 turns).

Amnesiac the Carver (Human Gladiator)               Turns: 3920, Time: 00:06:14

Health: -9/56      AC:  5    Str: 13 (15) XL:     8   Next: 26%
Magic:  8/8        EV: 13    Int:  7 (9)  God:
Gold:   153        SH:  0    Dex: 16      Spells: 0 memorised, 7 levels left

rFire  . . .     SeeInvis +     j - +0 falchion
rCold  . . .     Gourm    .     b - +0 leather armour
rNeg   . . .     Faith    .     (no shield)
rPois  .         Spirit   .     c - +0 helmet
rElec  .         Dismiss  .     i - +0 cloak {MR+}
rCorr  .         Reflect  .     (no gloves)
MR     +....     Harm     .     (no boots)
Stlth  +.........               (no amulet)
                                t - ring of see invisible
                                e - +6 ring of slaying

@: no status effects
A: no striking features
a: no special abilities


You were on level 5 of the Dungeon.
You were hungry.

You visited 1 branch of the dungeon, and saw 5 of its levels.

You collected 153 gold pieces.

Inventory:

Hand Weapons
 a - a +0 long sword
 h - the +3 flail of Animal Spirits {crush, *Contam Int+2 Dex+4, unknown}
   (You took it off a centaur on level 4 of the Dungeon)

   It inflicts extra damage upon your enemies.
   It affects your intelligence (+2).
   It affects your dexterity (+4).
   It causes magical contamination when unequipped.
 j - a +0 falchion (weapon)
 u - a +0 short sword of venom
 x - the +3 short sword of the Six Souls {flame, +Blink rPois, unknown}
   (You took it off an orc wizard on level 4 of the Dungeon)

   It has been specially enchanted to burn those struck by it, causing extra
   injury to most foes and up to half again as much damage against particularly
   susceptible opponents.
   It protects you from poison.
   It lets you blink.
Missiles
 d - 4 throwing nets (quivered)
Armour
 b - a +0 leather armour (worn)
 c - a +0 helmet (worn)
 i - a +0 cloak of magic resistance (worn)
 n - a +0 plate armour
Jewellery
 e - a +6 ring of slaying (left hand)
 p - a +3 ring of strength
 t - a ring of see invisible (right hand)
Wands
 g - a wand of iceblast (2/15)
 k - a wand of digging (15/24)
 v - a wand of paralysis (10/24)
 A - a wand of acid (3/15)
 B - a wand of lightning (6/15)
Scrolls
 l - a scroll of blinking {unknown}
 m - 2 scrolls of noise {unknown}
 o - a scroll of remove curse {unknown}
 y - a scroll of identify
Potions
 q - a potion of cure mutation {unknown}
 s - a potion of heal wounds {unknown}
 w - a potion of lignification {unknown}
 z - a potion of might
Comestibles
 f - 3 bread rations


   Skills:
 - Level 2.0 Fighting
 + Level 9.4 Long Blades
 - Level 2.0 Throwing
 - Level 3.0 Dodging


You had 7 spell levels left.
You didn't know any spells.

Dungeon Overview and Level Annotations

Branches:
Dungeon (5/15)
 Temple: D:4-7

Altars:

Annotations:
D:2 Terence


Message History

The gnoll sergeant is heavily wounded.
The gnoll sergeant blocks your attack.
The gnoll sergeant is heavily wounded.
The gnoll barely misses you.
The gnoll sergeant hits you with a spear!
You hit the gnoll sergeant but do no damage.
The gnoll sergeant is heavily wounded.
The gnoll sergeant hits you with a spear!
The gnoll hits you from afar with a halberd!
* * * LOW HITPOINT WARNING * * *
You hit the gnoll sergeant.
The gnoll sergeant is severely wounded.
The gnoll sergeant misses you.
You riposte.
The gnoll sergeant blocks your attack.
The gnoll sergeant is severely wounded.
Unknown command.
The gnoll sergeant blocks your attack.
The gnoll sergeant is severely wounded.
The gnoll hits you from afar with a halberd!!
You die...

..#<#..#.#.###.#.#.#
###....#...# #.#<#.#
#..#########.###.#
##.. .............#
.... #######.######
..... #.# .....# #.#
......######.#
.....>.ggg@).#
...###g###### #.#
#g.# g#g.# #. g.# ..
..# ... ### ..#


You could see a gnoll sergeant and 3 gnolls.

Vanquished Creatures
  The ghost of flowsnake the Chopper, an amateur HOFi (D:4)
  An ogre (D:5)
  A centaur (D:4)
  2 scorpions (D:4)
  A howler monkey (D:5)
  A crimson imp (D:5)
  3 orc priests
  Crazy Yiuf (D:4)
  Ijyb (D:3)
  An iguana (D:4)
  2 orc wizards (D:4)
  A worker ant (D:4)
  5 gnolls (D:5)
  A river rat (D:4)
  3 adders
  An ooze (D:5)
  3 worms
  A dart slug (D:4)
  2 giant geckos
  12 orcs
  5 bats
  2 giant cockroaches
  7 goblins
  5 hobgoblins
  3 ball pythons
  2 giant newts (D:1)
  8 kobolds
  7 rats
83 creatures vanquished.

Vanquished Creatures (others)
  A quokka (D:2)
1 creature vanquished.

Grand Total: 84 creatures vanquished

Notes
Turn   | Place    | Note
-------+----------+-------------------------------------------
     0 | D:1      | Amnesiac the Human Gladiator began the quest for the Orb.
     0 | D:1      | Reached XP level 1. HP: 16/16 MP: 1/1
    57 | D:1      | Reached XP level 2. HP: 21/22 MP: 2/2
   107 | D:2      | Reached skill level 4 in Long Blades
   107 | D:2      | Reached XP level 3. HP: 25/27 MP: 3/3
   406 | D:3      | Noticed Ijyb
   414 | D:3      | Killed Ijyb
   414 | D:3      | Reached XP level 4. HP: 30/33 MP: 4/4
   461 | D:3      | Reached skill level 5 in Long Blades
   466 | D:3      | Reached XP level 5. HP: 17/38 MP: 5/5
   740 | D:2      | Noticed Terence
  1668 | D:4      | Noticed flowsnake's ghost (amateur HOFi)
  1694 | D:4      | Killed flowsnake's ghost
  1694 | D:4      | Reached skill level 6 in Long Blades
  1694 | D:4      | Reached XP level 6. HP: 5/44 MP: 6/6
  2025 | D:4      | Reached skill level 7 in Long Blades
  2042 | D:4      | Reached XP level 7. HP: 37/50 MP: 7/7
  2053 | D:4      | Got a faintly glowing short sword {flame}
  2341 | D:4      | Reached skill level 8 in Long Blades
  3014 | D:4      | Got an uncursed ichor-stained flail {crush}
  3268 | D:4      | Found a runed door.
  3330 | D:4      | Noticed Crazy Yiuf
  3335 | D:4      | Killed Crazy Yiuf
  3388 | D:5      | Entered Level 5 of the Dungeon
  3429 | D:5      | Reached XP level 8. HP: 28/56 MP: 8/8
  3613 | D:5      | Reached skill level 9 in Long Blades
  3920 | D:5      | Mangled by a gnoll

Vault maps used:
D:1:      ncdulo_halloftheorcs, minivault_25
D:2:      lemuel_coloured_pillars_altar, nicolae_overflow_crystal_walls,
          first_bread, elyvilon_altar_4, uniq_terence
D:3:      st_stairs_11, uniq_iyjb
D:4:      portal_sewer_entry_b, uniq_crazy_yiuf_cottage
D:5:      evilmike_ruin_ashenzari, tso_metal_star

Skill      XL: |  1  2  3  4  5  6  7  8 |
---------------+-------------------------+-----
Long Blades    | 4 5 6 7 8 9 |  9.4
Fighting       | |  2.0
Throwing       | |  2.0
Dodging        | |  3.0

Action                   |  1- 3 |  4- 6 |  7- 9 || total
-------------------------+-------+-------+-------++-------
Melee: Long sword        |    55 |    31 |       ||    86
       Falchion          |       |    56 |   116 ||   172
  Use: Scroll            |       |     3 |       ||     3
       Potion            |       |     1 |     6 ||     7
 Stab: Sleeping          |       |     1 |       ||     1
  Eat: Chunk             |       |     4 |     6 ||    10
Armor: Leather armour    |    15 |    10 |    12 ||    37
Dodge: Dodged            |    34 |    38 |    47 ||   119
